 Dungeon Crawl Stone Soup version 0.31.0-9-g3a7656b989 (webtiles) character file.

Game seed: 13931791099773466554

95 PaiMei the Grave Robber (level 4, 0/32 HPs)
             Began as a Demonspawn Necromancer on Jan 24, 2024.
             Slain by Grinder (6 damage)
             ... on level 3 of the Dungeon.
             The game lasted 00:03:22 (2219 turns).

PaiMei the Grave Robber (Demonspawn Necromancer)    Turns: 2219, Time: 00:03:23

Health: 0/32       AC: 10    Str:  8    XL:     4   Next: 39%
Magic:  8/8        EV: 12    Int: 17    God:
Gold:   154        SH:  0    Dex: 14    Spells: 4/8 levels left

rFire   . . .        c - +0 short sword
rCold   . . .        (no shield)
rNeg    . . .        t - +1 robe
rPois   .            (no helmet)
rElec   .            (no cloak)
rCorr   .            g - +0 pair of gloves
SInv    .            (no boots)
Will    .....        (no amulet)
Stlth   ++           e - +4 ring of protection
HPRegen 0.25/turn    (no ring)
MPRegen 0.11/turn

%: no passive effects
@: no status effects
A: yellow scales 1, powered by pain 1
a: no special abilities


You were on level 3 of the Dungeon.
You visited 1 branch of the dungeon, and saw 3 of its levels.

You collected 154 gold pieces.

Inventory:

Hand Weapons
 c - a +0 short sword (weapon)
Missiles
 h - 2 poisoned darts (quivered)
Armour
 a - a +0 robe
 g - a +0 pair of gloves (worn)
 t - a +1 robe (worn)
Jewellery
 e - a +4 ring of protection (left hand)
Wands
 p - a wand of flame (25)
Scrolls
 f - 3 scrolls of identify {unknown}
 i - 2 scrolls of blinking {unknown}
 k - a scroll of acquirement {unknown}
 m - a scroll of fear {unknown}
 o - a scroll of poison {unknown}
 r - a scroll of vulnerability {unknown}
 s - a scroll of revelation {unknown}
Potions
 b - a potion of magic
 d - 2 potions of cancellation {unknown}
 j - 3 potions of heal wounds {unknown}
 l - 2 potions of brilliance {unknown}
 n - a potion of invisibility {unknown}
 q - a potion of lignification {unknown}


   Skills:
 + Level 1.5 Fighting
 + Level 2.6 Dodging
 - Level 2.0 Stealth
 + Level 2.7 Spellcasting
 + Level 5.0 Necromancy


You had 4 spell levels left.
You knew the following spells:

 Your Spells              Type           Power      Damage    Failure   Level
a - Necrotise             Necr           76%        1d7       2%          1
b - Vampiric Draining     Necr           19%        2d7       7%          3

Your spell library contained the following spells:

 Spells                   Type           Power      Damage    Failure   Level
 Animate Dead             Necr           19%        N/A       22%         4
 Curse of Agony           Necr           19%        N/A       54%         5


Dungeon Overview and Level Annotations

Branches:
Dungeon (3/15)

Altars:
Vehumet

Annotations:
D:3 Grinder


Innate Abilities, Weirdness & Mutations

You are partially covered in yellow scales. (AC +2)
You sometimes gain a little power by taking damage.


Message History

You open the door.
There is an open door here.
Your kobold skeleton crumbles into dust!
Done exploring.
Done exploring.
Search for what [Enter for "."]? .
There is an open door here.
There is an open door here.
Things that are here:
a +0 dagger; a +1 robe You start removing your armour.
You continue taking off your +0 robe. x4
You finish taking off your +0 robe.
You start putting on your armour.
You continue putting on your +1 robe. x5
You finish putting on your +1 robe.
Search for what [Enter for "."]? .
Grinder shouts!
Grinder blinks!
You hit Grinder.
Grinder is lightly wounded.
Grinder misses you.
You barely miss Grinder.
Grinder is lightly wounded.
Grinder hits you.
You writhe in agony.
You closely miss Grinder.
Grinder is lightly wounded.
Grinder barely misses you.
You hit Grinder but do no damage.
Grinder is lightly wounded.
Grinder gestures at you. Pain shoots through your body!
You barely miss Grinder.
Grinder is lightly wounded.
Grinder gestures at you. Pain shoots through your body!
* * * LOW HITPOINT WARNING * * *
You hit Grinder.
Grinder is lightly wounded.
Grinder hits you.
You die...
Grinder sighs, "Dead already?
I want a refund."

####'##.####.#..#...............
#..........#.#..#.############.#
#..........#.#..#.# #########..
#..........#.#..#.# #.........[
#..........#.#..#.####.....####.
#....................#.....# #.
#..........##........#.....# #.
#..........'...5.....#.....# #.
#..........##..@.....#.....# #.
#..........##........#.....# #.
#..........##........#....<####.
#############........#.....#....
#...........####.###
#........#### #.### ###.######
#.... #.################
#.................


You could see Grinder.

Vanquished Creatures
  Jessica (D:3)
  2 adders (D:2)
  2 dart slugs
  A ribbon worm (D:2)
  A ball python (D:3)
  7 endoplasms
  3 giant cockroaches
  3 goblins
  4 hobgoblins
  2 quokkas (D:2)
  2 bats
  3 frilled lizards (D:1)
  6 kobolds
  4 rats
41 creatures vanquished.

Notes
Turn   | Place    | Note
-------+----------+-------------------------------------------
     0 | D:1      | PaiMei the Demonspawn Necromancer began the quest for the
                  | Orb.
     0 | D:1      | Reached XP level 1. HP: 13/13 MP: 3/3
   308 | D:1      | Gained mutation: You sometimes gain a little power by
                  | taking damage. [demonic ancestry]
   308 | D:1      | Reached XP level 2. HP: 19/19 MP: 3/5
   389 | D:1      | Found a faded altar of an unknown god.
   576 | D:1      | You fall into a shaft and drop 1 floor!
   975 | D:2      | Reached XP level 3. HP: 21/25 MP: 0/6
   979 | D:2      | Learned a level 3 spell: Vampiric Draining
  1150 | D:2      | Reached skill level 1 in Fighting
  1569 | D:3      | Noticed Jessica
  1572 | D:3      | Killed Jessica
  1573 | D:3      | Gained mutation: You are partially covered in yellow
                  | scales. (AC +2) [demonic ancestry]
  1573 | D:3      | Reached XP level 4. HP: 32/32 MP: 4/8
  1625 | D:3      | Noticed Grinder
  1644 | D:3      | Found the -2 hat of the Alchemist {rElec rPois rF+ rC+ rN+
                  | Will+ rMut rCorr}
  1665 | D:3      | Found a radiant altar of Vehumet.
  1873 | D:3      | Reached skill level 5 in Necromancy
  2219 | D:3      | Slain by Grinder

Illustrated notes

Levels and vault maps discovered:
D:1:      dpeg_arrival_court, layout_basic, ebering_ecumenical_altar_mist
D:2:      layout_rooms
D:3:      layout_basic, vehumet_altar_wand_db, uniq_jessica, uniq_grinder

Skill      XL: |  1  2  3  4 |
---------------+-------------+-----
Stealth        | 2 |  2.0
Dodging        | 2 |  2.6
Fighting       | 1 |  1.5
Necromancy     | 5 |  5.0
Spellcasting   | |  2.7

Action                     |  1- 3 |  4- 6 || total
---------------------------+-------+-------++-------
  Melee: Short sword       |     9 |     6 ||    15
         Unarmed           |     1 |       ||     1
   Cast: Necrotise         |    72 |    14 ||    86
 Armour: Robe              |    19 |     3 ||    22
  Dodge: Dodged            |    22 |     2 ||    24
